 Dungeon Crawl Stone Soup version 0.23.2-1-ga50397a (webtiles) character file.

Game seed: 13236829555880377565

107 Aske the Cutter (level 4, -2/28 HPs)
             Began as a Gargoyle Gladiator on Apr 18, 2019.
             Killed from afar by an orc wizard (10 damage)
             ... with a magic dart
             ... on level 3 of the Dungeon.
             The game lasted 00:02:16 (1988 turns).

Aske the Cutter (Gargoyle Gladiator)                Turns: 1988, Time: 00:02:17

Health: -2/28      AC:  7    Str: 18    XL:     4   Next: 86%
Magic:  4/4        EV: 12    Int:  8    God:
Gold:   67         SH:  0    Dex: 12    Spells: 3/3 levels left

rFire    . . .     SeeInvis .   a - +0 rapier
rCold    . . .     Gourm    .   (no shield)
rNeg     + . .     Faith    .   b - +0 leather armour
rPois    ∞         Spirit   .   c - +0 helmet
rElec    +         Reflect  .   (no cloak)
rCorr    .         Harm     .   (no gloves)
MR       .....                  (no boots)
Stlth    ++........             (no amulet)
HPRegen  0.09/turn              (no ring)
MPRegen  0.09/turn              (no ring)

@: no status effects
A: negative energy resistance 1, electricity resistance, unbreathing,
petrification resistance, rot immunity, AC +3
a: no special abilities


You were on level 3 of the Dungeon.
You were hungry.

You visited 1 branch of the dungeon, and saw 3 of its levels.

You collected 67 gold pieces.

Inventory:

Hand Weapons
 a - a +0 rapier (weapon)
Missiles
 d - 2 throwing nets (quivered)
Armour
 b - a +0 leather armour (worn)
 c - a +0 helmet (worn)
Jewellery
 m - a cursed amulet of inaccuracy {unknown}
Scrolls
 e - 4 scrolls of identify {unknown}
 k - a scroll of remove curse {unknown}
 n - a scroll of teleportation {unknown}
 r - a scroll of blinking {unknown}
 t - a scroll of amnesia {unknown}
Potions
 g - 2 potions of lignification {unknown}
 h - 2 potions of curing {unknown}
 i - 2 potions of haste {unknown}
 j - a potion of resistance {unknown}
 l - a potion of flight {unknown}
 o - a potion of mutation {unknown}
 q - a potion of berserk rage {unknown}
 s - a potion of might
Comestibles
 f - 5 rations


   Skills:
 + Level 3.0 Fighting
 + Level 3.2 Short Blades
 - Level 1.7 Throwing
 + Level 1.9 Armour
 + Level 2.9 Dodging
 + Level 2.1 Stealth


You had 3 spell levels left.
You didn't know any spells.
Your spell library was empty.

Dungeon Overview and Level Annotations

Branches:
Dungeon (3/15)

Altars:
Okawaru


Innate Abilities, Weirdness & Mutations

You are resistant to torment.
Your stone body is resilient. (AC +3)
You are immune to poison.
You resist negative energy. (rN+)
You are resistant to electric shocks. (rElec)
You can survive without breathing.
You are immune to petrification.
You are immune to rotting.


Message History

The orc wizard hits you but does no damage.
The orc hits you with a +0 hand axe.
You barely miss the orc wizard.
The orc wizard is severely wounded.
The ogre shouts!
The ooze quivers.
The orc hits you but does no damage. The orc wizard misses you.
The orc throws a silver tomahawk.
The silver tomahawk hits you but does no damage.
The orc wizard gestures wildly while chanting.
The orc wizard flickers and vanishes!
Deactivating autopickup; reactivate with Ctrl-A.
You see here a frilled lizard corpse.
The orc misses you. Something hits you!
You closely miss the orc. The orc hits you with a +0 hand axe.
* * * LOW HITPOINT WARNING * * *
Okay, then.
A magic dart appears from out of thin air!
The magic dart hits you!
You die...

#.......# #..<#####
#.#####.###.......#
##.#####...........##
...............(....#
##.#####............####
#.#####.###...........#
###.......###...........#
..#.####.........(........
#.#.# #.#####.#@##..##...
....# #.# #.#.# ..# .##
#.#.# #.# #O{o# .... .
#.#.####.#


#SooJ .###. #.....##.# #.#### # ###.#.##.# #. ....#.##.# #. #.#.#.# . ....#.# #
You could see an ooze, 3 orcs and a ball python (wandering).

Vanquished Creatures
  Crazy Yiuf (D:2)
  An adder (D:2)
  An ooze (D:1)
  2 worms (D:2)
  A dart slug (D:2)
  3 leopard geckos
  4 orcs (D:2)
  7 giant cockroaches
  8 hobgoblins
  3 jackals (D:1)
  A quokka (D:3)
  4 bats
  3 frilled lizards
  4 goblins (D:1)
  5 kobolds
  3 rats
51 creatures vanquished.

Notes
Turn   | Place    | Note
-------+----------+-------------------------------------------
     0 | D:1      | Aske the Gargoyle Gladiator began the quest for the Orb.
     0 | D:1      | Reached XP level 1. HP: 12/12 MP: 1/1
    98 | D:1      | Reached XP level 2. HP: 10/18 MP: 2/2
   603 | D:1      | Reached skill level 1 in Armour
   603 | D:1      | Reached skill level 1 in Stealth
   931 | D:1      | Reached XP level 3. HP: 22/22 MP: 3/3
  1443 | D:2      | Found an iron altar of Okawaru.
  1464 | D:2      | Reached XP level 4. HP: 27/27 MP: 4/4
  1792 | D:2      | Found a runed translucent door.
  1793 | D:2      | Noticed Crazy Yiuf
  1804 | D:2      | Killed Crazy Yiuf
  1982 | D:3      | Noticed an ogre
  1988 | D:3      | Killed from afar by an orc wizard

Skill      XL: |  1  2  3  4 |
---------------+-------------+-----
Armour         | 1 |  1.9
Stealth        | 1 2 |  2.1
Short Blades   | 3 |  3.2
Fighting       | 3 |  3.0
Throwing       | |  1.7
Dodging        | |  2.9

Action                   |  1- 3 |  4- 6 || total
-------------------------+-------+-------++-------
Melee: Rapier            |   124 |    58 ||   182
Throw: Throwing net      |     1 |     1 ||     2
 Stab: Sleeping          |       |     2 ||     2
  Eat: Chunk             |     2 |     1 ||     3
Armor: Leather armour    |    48 |    40 ||    88
Dodge: Dodged            |    82 |    53 ||   135
